 Dungeon Crawl Stone Soup version 0.32-a0-996-gb3226c233f (webtiles) character file.

Game seed: 447459785793639197

53 Cancer the Sneak (level 3, -1/23 HPs)
             Began as an Octopode Shapeshifter on Apr 23, 2024.
             Slain by a gnoll
             ... wielding a +0 spear
              (7 damage)
             ... on level 2 of the Dungeon.
             The game lasted 00:01:40 (1139 turns).

Cancer the Sneak (Octopode Shapeshifter)            Turns: 1139, Time: 00:01:41

Health: -1/23      AC:  1    Str: 15    XL:     3   Next: 89%
Magic:  3/3        EV: 12    Int: 12    God:
Gold:   21         SH:  0    Dex: 11    Spells: 2/2 levels left

rFire   . .          .
                       - Unarmed
rCold   . . .        (no shield)
rNeg    . . .        (helmet currently unavailable)
rPois   .            (no amulet)
rElec   .            (no ring)
rCorr   .            (no ring)
SInv    .            (no ring)
Will    .....        (no ring)
Stlth   +++          (no ring)
HPRegen 0.23/turn    (no ring)
MPRegen 0.08/turn    (no ring)
                     (no ring)

%: no passive effects
@: beast-form
A: beast (slay +1), almost no armour, amphibious, 8 rings, camouflage 1,
gelatinous body 1, (nimble swimmer 1), tentacles
a: Begin Untransformation


You were on level 2 of the Dungeon.
You were a hulking beast.
You visited 1 branch of the dungeon, and saw 2 of its levels.

You collected 21 gold pieces.

Inventory:

Talismans
 b - a beast talisman (active)
 c - a flux talisman
Scrolls
 d - a scroll of enchant weapon {unknown}
 e - 2 scrolls of identify {unknown}
 f - a scroll of noise {unknown}
 h - a scroll of acquirement {unknown}
Potions
 a - a potion of lignification
 g - a potion of haste {unknown}


   Skills:
 - Level 1.0 Fighting
 - Level 2.0 Dodging
 + Level 4.4 Stealth
 - Level 3.0 Unarmed Combat
 - Level 3.3 Shapeshifting


You had 2 spell levels left.
You didn't know any spells.
Your spell library was empty.

Dungeon Overview and Level Annotations

Branches:
Dungeon (2/15)

Altars:


Innate Abilities, Weirdness & Mutations

You are a hulking beast.
Your limbs bulge with bestial killing power. (Slay +1)
You cannot wear most types of armour.
You are amphibious.
You can wear up to eight rings at the same time.
Your skin changes colour to match your surroundings (Stealth+).
Your rubbery body absorbs attacks. (AC +1, EV +1)
((You are camouflaged when in or above water. (Stealth+)))
You have tentacles for arms and can constrict up to eight enemies at once.


Message History

You tentacle-slap the giant cockroach but do no damage.
You grab the giant cockroach. You squeeze the giant cockroach.
You kill the giant cockroach!
There is an open door here.
A jackal comes into view.
A jackal comes into view.
There are monsters nearby!
The jackal bites you.
There are monsters nearby!
You closely miss the jackal. Your grab misses the jackal. The jackal bites you.
There are monsters nearby!
You tentacle-slap the jackal but do no damage.
Your grab misses the jackal. The jackal closely misses you.
There are monsters nearby!
You closely miss the jackal. Your grab misses the jackal.
You squeeze the jackal, but do no damage.
The jackal bites you. The jackal barely misses you.
There are monsters nearby!
You bludgeon the jackal!
You kill the jackal!
A jackal is nearby!
A jackal is nearby!
There are monsters nearby!
There are monsters nearby!
There are monsters nearby!
There are monsters nearby!
The jackal barks!
The gnoll shouts!
The jackal completely misses you.
The gnoll hits you from afar with a +0 spear!
The jackal bites you. The jackal attacks as it pursues you!
The jackal bites you.
* * * LOW HITPOINT WARNING * * *
The jackal stops to sniff the ground.
You closely miss the jackal. Your grab misses the jackal. The jackal bites you.
* * * LOW HITPOINT WARNING * * *
The jackal barely misses you.
You closely miss the jackal. You grab the jackal. You squeeze the jackal.
You kill the jackal!
The gnoll hits you from afar with a +0 spear!
You die...

#.# ######..#...# #.#
...#...# #.# ....#####
#.# ....# #.# .....# #.#
####.# #.# #.# #h# #†#
#g####### #.#.....#
####+#......#.#
#.....###.#.#.##########
#.......#.#...#.........
#.........#.###.#####.##
.............#.#####..#


You could see a gnoll.

Vanquished Creatures
  A gnoll (D:2)
  An adder (D:2)
  6 bats
  3 endoplasms
  4 giant cockroaches
  A goblin (D:2)
  5 hobgoblins (D:1)
  2 jackals (D:2)
  2 quokkas
  3 ball pythons
  4 kobolds (D:1)
  A rat (D:1)
33 creatures vanquished.

Notes
Turn   | Place    | Note
-------+----------+-------------------------------------------
     0 | D:1      | Cancer the Octopode Shapeshifter began the quest for the
                  | Orb.
     0 | D:1      | Reached XP level 1. HP: 13/13 MP: 1/1
   150 | D:1      | Reached skill level 1 in Stealth
   182 | D:1      | Reached XP level 2. HP: 18/18 MP: 2/2
   266 | D:1      | Reached skill level 2 in Stealth
   816 | D:2      | Reached skill level 3 in Stealth
   845 | D:2      | Reached XP level 3. HP: 20/23 MP: 3/3
   961 | D:2      | Reached skill level 4 in Stealth
  1139 | D:2      | Slain by a gnoll

Illustrated notes

Levels and vault maps discovered:
D:1:      dpeg_arrival_round_a, layout_basic
D:2:      layout_basic, chequers_serial_rivers_large_a

Skill      XL: |  1  2  3 |
---------------+----------+-----
Stealth        | 1 3 4 |  4.4
Fighting       | |  1.0
Dodging        | |  2.0
Unarmed Combat | |  3.0
Shapeshifting  | |  3.3

Action                     || total
---------------------------++-------
  Melee: Unarmed           ||    65
         Constrict         ||    17
         Tentacles         ||    13
         Punch             ||     2
   Stab: Sleeping          ||    10
         Distracted        ||     1
 Armour: Skin              ||    30
  Dodge: Dodged            ||    32

Table legend: (Time is in decaauts)
 A = Elapsed time spent in this place.
 B = Non-inter-level travel time spent in this place.
 C = Inter-level travel time spent in this place.
 D = Time resting spent in this place.
 E = Time spent auto-exploring this place.
 F = Levels seen in this place.
 G = Mean time per level.
                   A        B        C        D        E       F      G
               +--------+--------+--------+--------+--------+-----+--------+
         Total |   1134 |   1043 |     91 |     25 |    755 |   2 |  567.0 |
       Dungeon |   1134 |   1043 |     91 |     25 |    755 |   2 |  567.0 |
               +--------+--------+--------+--------+--------+-----+--------+

Top non-repeatable levels by time:
     D:1: 804 daAuts
     D:2: 330 daAuts
